 Dungeon Crawl Stone Soup version 0.23.1 (webtiles) character file.

Game seed: 9199035292244681916

806 misha the Spear-Bearer (level 7, -3/57 HPs)
             Began as a Merfolk Berserker on Mar 3, 2019.
             Was a Priest of Trog.
             Slain by an orc
             ... wielding a +0 flail
              (5 damage)
             ... on level 4 of the Dungeon.
             The game lasted 00:13:39 (4693 turns).

misha the Spear-Bearer (Merfolk Berserker)          Turns: 4693, Time: 00:13:43

Health: -3/57      AC:  3    Str: 19    XL:     7   Next: 91%
Magic:  4/7        EV: 13    Int:  6    God:    Trog [***...]
Gold:   169        SH:  5    Dex: 17    Spells: 6/6 levels left

rFire    . . .     SeeInvis .   b - +0 spear
rCold    . . .     Gourm    .   p - +0 buckler
rNeg     . . .     Faith    .   l - +0 animal skin
rPois    .         Spirit   .   (no helmet)
rElec    .         Reflect  .   (no cloak)
rCorr    .         Harm     .   t - +0 pair of gloves
MR       .....                  (no boots)
Stlth    ++........             (no amulet)
HPRegen  0.19/turn              o - +3 ring of dexterity
MPRegen  0.10/turn              (no ring)

@: berserk cooldown, slowed, very slow
A: change form in water, swift swim, stealthy swim
a: Berserk, Trog's Hand, Renounce Religion


You were on level 4 of the Dungeon.
You worshipped Trog.
Trog was most pleased with you.
You were very hungry.

You visited 1 branch of the dungeon, and saw 4 of its levels.

You collected 169 gold pieces.

Inventory:

Hand Weapons
 b - a +0 spear (weapon)
Missiles
 f - 65 sling bullets
 h - 17 stones (quivered)
Armour
 l - a +0 animal skin (worn)
 p - a +0 buckler (worn)
 t - a +0 pair of gloves (worn)
Jewellery
 o - a +3 ring of dexterity (left hand)
 u - an uncursed ring of poison resistance {unknown}
 v - an uncursed ring of see invisible {unknown}
Scrolls
 a - a scroll of immolation {unknown}
 e - 2 scrolls of remove curse {unknown}
 i - a scroll of blinking {unknown}
 j - a scroll of amnesia {unknown}
 k - 2 scrolls of teleportation {unknown}
 n - 5 scrolls of enchant weapon {unknown}
 q - 2 scrolls of magic mapping {unknown}
Potions
 d - a potion of agility {unknown}
 g - a potion of might {unknown}
 m - a potion of curing {unknown}
 r - 2 potions of ambrosia {unknown}
 s - a potion of heal wounds
 w - a potion of lignification {unknown}
Comestibles
 c - 9 rations


   Skills:
 + Level 5.8 Fighting
 * Level 9.8 Polearms
 - Level 1.4 Armour
 - Level 2.8 Dodging
 + Level 3.6 Shields


You had 6 spell levels left.
You didn't know any spells.
Your spell library was empty.

Dungeon Overview and Level Annotations

Branches:
Dungeon (4/15)
 Temple: D:4-7

Altars:
Makhleb
Trog

Shops:
D:4 *


Message History

You block the orc's attack.
You hit the orc priest.
The orc priest is moderately wounded.
The orc priest hits you with a +2 antimagic whip.
* * * LOW HITPOINT WARNING * * *
You feel your power leaking away.
You hit the orc priest.
The orc priest is severely wounded.
The orc closely misses you. The orc priest closely misses you.
You closely miss the orc priest.
The orc priest is severely wounded.
The orc barely misses you.
The orc priest hits you but does no damage.
You barely miss the orc priest.
The orc priest is severely wounded.
The orc priest hits you with a +2 antimagic whip!
* * * LOW HITPOINT WARNING * * *
You feel your power leaking away. The orc hits you with a +0 flail.
You die...

#......####.#........(#..##
#....#####..#.#..†......(.#
#....# #..............##......h
##....## #.#............##....o..
#......###......##...............
#......##......##................
#......###....∩.......>.####.##..
#......###.######o......# .. ..
#.............†(@oo........ ...
#..........########...#####
#..........# ##### #..........#
#######....# #....# #....# ######


You could see an orc priest and 2 orcs.

Vanquished Creatures
  Eustachio (D:4)
  A sky beast (D:3)
  2 ogres
  A howler monkey (D:4)
  3 hounds
  A jelly (D:4)
  2 orc wizards
  A centaur skeleton (D:4)
  2 adders
  An ooze (D:3)
  6 worms
  2 dart slugs
  6 leopard geckos
  8 orcs (D:4)
  6 giant cockroaches
  9 goblins
  16 hobgoblins
  4 jackals (D:3)
  2 quokkas (D:3)
  3 ball pythons
  7 bats
  3 frilled lizards (D:1)
  7 kobolds
  A leopard gecko skeleton (D:4)
  4 rats
99 creatures vanquished.

Notes
Turn   | Place    | Note
-------+----------+-------------------------------------------
     0 | D:1      | misha the Merfolk Berserker began the quest for the Orb.
     0 | D:1      | Reached XP level 1. HP: 18/18 MP: 1/1
    79 | D:1      | Reached XP level 2. HP: 3/24 MP: 2/2
   648 | D:1      | Reached skill level 5 in Polearms
   767 | D:1      | Reached XP level 3. HP: 23/30 MP: 3/3
  1853 | D:2      | Reached ** piety under Trog
  1914 | D:2      | Found a burning altar of Makhleb.
  1926 | D:2      | Reached skill level 6 in Polearms
  1926 | D:2      | Reached XP level 4. HP: 11/37 MP: 4/4
  2658 | D:3      | Noticed a sky beast
  2926 | D:3      | Reached skill level 1 in Shields
  3120 | D:3      | Killed a sky beast
  3120 | D:3      | Reached skill level 7 in Polearms
  3120 | D:3      | Reached XP level 5. HP: 43/43 MP: 5/5
  3834 | D:3      | Reached XP level 6. HP: 45/49 MP: 6/6
  4057 | D:4      | Noticed Eustachio
  4073 | D:4      | Killed Eustachio
  4073 | D:4      | Reached *** piety under Trog
  4073 | D:4      | Reached skill level 5 in Fighting
  4073 | D:4      | Reached skill level 8 in Polearms
  4080 | D:4      | Reached XP level 7. HP: 56/56 MP: 7/7
  4395 | D:3      | Reached skill level 9 in Polearms
  4545 | D:4      | Found a bloodstained altar of Trog.
  4586 | D:4      | Found Zen Ren's Assorted Antiques.
  4693 | D:4      | HP: 2/57 [orc priest/+2 antimagic whip (7)]
  4693 | D:4      | Slain by an orc

Skill      XL: |  1  2  3  4  5  6  7 |
---------------+----------------------+-----
Polearms       | 5 6 7 8 9 |  9.8
Fighting       | 4 5 |  5.8
Shields        | 1 2 3 |  3.6
Armour         | |  1.4
Dodging        | |  2.8

Action                   |  1- 3 |  4- 6 |  7- 9 || total
-------------------------+-------+-------+-------++-------
Melee: Spear             |   133 |   196 |   119 ||   448
       Unarmed           |    56 |       |       ||    56
       Hand axe          |     7 |       |       ||     7
Throw: Stone             |       |       |     2 ||     2
Invok: Berserk           |       |     3 |     2 ||     5
  Use: Potion            |       |       |     1 ||     1
 Stab: Sleeping          |     1 |     2 |     1 ||     4
  Eat: Chunk             |     3 |     9 |     4 ||    16
Armor: Animal skin       |    17 |    12 |    13 ||    42
Dodge: Dodged            |    96 |    70 |    48 ||   214
Block: Buckler           |     4 |    20 |    23 ||    47
